AoeStats
← schmeno

Arabia

510460604Analyzed
1v1 RM · 2d ago on Oct 1, 2026· 27m 3s· 2 players
Game mode
Random Map
Map size
Tiny (2 player)
Population
200
Speed
Normal
Resources
Standard
Victory
Conquest
Starting age
Dark Age
Ending age
Imperial Age
RankedLock teamsTeams togetherTeam positionsShared explorationLock speedFull tech treeHidden civsTurbo modeCheats
Victory
Defeat
🇺🇸 Saxons · United States
1165
+15
🇺🇸 Vikings · United States
1140
-15
Kabal
9:17 Feudal Age
10:11 Double-Bit Axe
10:08 Man-at-Arms
10:43 Loom
19:40 Castle Age
18:42 Scale Mail Armor
18:35 Arson
19:02 Forging
19:48 Long Swordsman
20:28 Squires
21:39 Chain Mail Armor
22:43 Fletching
25:04 Bodkin Arrow
25:35 Crossbowman
26:52 Ballistics
27:00 Padded Archer Armor
schmeno
6:15 Loom
8:33 Feudal Age
9:22 Double-Bit Axe
15:29 Fletching
22:20 Castle Age
20:44 Padded Archer Armor
20:34 Horse Collar
21:37 Gold Mining
22:22 Crossbowman
23:14 Bodkin Arrow
26:22 Wheelbarrow
Connection lost

Rejoining the realm…

Still unreachable

The connection could not be restored.

Session expired

The server has moved on; the page needs a fresh start.